Map: Catalyst LE

Players

ILIEKEGGPIE - Winner!

  • Race: Protoss Protoss
  • League: Platinum
  • Spawn Location: 5:00

Kubaman

  • Race: Zerg Zerg
  • League: Gold
  • Spawn Location: 11:00

VOD

Have the link to the VOD?

Description

Time

  • Played on: April 10, 2018, 9:18 a.m.
  • Length: 15:31
Show
View Real Time Build Order
Export as new Build Order

ILIEKEGGPIE Protoss - Winner!

Build Orders:  

Get SALT Encoding   

  12  0:01  Probe  
  13  0:13  Probe  
  14  0:20  Pylon  
  14  0:25  Probe (Chrono Boost)  
  15  0:39  Probe (Chrono Boost)  
  16  0:46  Gateway  
  16  0:48  Probe (Chrono Boost)  
  17  0:58  Probe  
  17  1:03  Forge  
  18  1:10  Probe (Chrono Boost)  
  19  1:21  Probe (Chrono Boost)  
  20  1:25  Gateway  
  20  1:30  Assimilator  
  20  1:36  Cybernetics Core  
  20  1:43  Probe  
  21  1:48  Pylon  
  21  1:57  Photon Cannon  
  21  2:13  Photon Cannon  
  21  2:23  Nexus  
  21  2:27  Assimilator  
  21  2:31  Probe  
  21  2:33  Protoss Ground Weapons Level 1 (Chrono Boost)  
  22  2:47  Pylon  
  22  2:52  Warp Gate  
  22  2:59  Probe  
  22  3:05  Stalker (Chrono Boost)  
  27  3:17  Stalker (Chrono Boost), Probe  
  28  3:33  Stalker, Pylon  
  30  3:41  Robotics Facility  
  30  3:53  Probe (Chrono Boost)  
  32  3:58  Probe (Chrono Boost)  
  33  4:02  Probe (Chrono Boost)  
  33  4:05  Gateway  
  33  4:06  Probe (Chrono Boost)  
  34  4:11  Gateway  
  34  4:19  Probe (Chrono Boost)  
  36  4:25  Probe (Chrono Boost)  
  36  4:30  Observer, Pylon  
  37  4:32  Probe (Chrono Boost)  
  37  4:33  Probe (Chrono Boost)  
  39  4:43  Probe  
  39  4:44  Probe  
  41  4:56  Probe (Chrono Boost)  
  41  4:59  Probe (Chrono Boost)  
  43  5:04  Assimilator  
  44  5:08  Probe (Chrono Boost)  
  44  5:09  Assimilator  
  44  5:12  Probe (Chrono Boost), Robotics Bay  
  44  5:13  Sentry, Probe (Chrono Boost)  
  44  5:14  Sentry  
  49  5:20  Probe  
  45  5:22  Stalker  
  47  5:32  Probe  
  47  5:33  Zealot  
  50  5:42  Probe  
  51  5:44  Probe  
  52  5:54  Probe  
  53  6:03  Stalker x4  
  61  6:10  Immortal  
  61  6:15  Pylon  
  54  6:34  Zealot  
  54  6:35  Zealot  
  57  6:56  Gateway  
  57  6:58  Gateway  
  57  7:03  Pylon  
  57  7:06  Sentry x2  
  61  7:16  Extended Thermal Lance (Chrono Boost)  
  61  7:22  Robotics Facility  
  61  7:28  Nexus  
  61  7:30  Pylon  
  61  7:43  Stalker x3  
  67  7:44  Zealot  
  67  7:49  Pylon  
  69  7:56  Gateway x2  
  69  7:58  Gateway  
  69  7:59  Pylon  
  67  8:06  Colossus (Chrono Boost)  
  69  8:34  Nexus  
  69  8:37  Gateway, Pylon  
  69  8:38  Pylon  
  69  8:42  Gateway  
  69  8:43  Pylon  
  69  8:51  Forge  
  69  8:56  Colossus (Chrono Boost)  
  69  8:57  Twilight Council  
  69  8:58  Colossus (Chrono Boost)  
  69  9:00  Pylon  
  81  9:03  Gateway  
  81  9:04  Gateway  
  81  9:15  Zealot x2  
  85  9:23  Forge  
  85  9:38  Photon Cannon  
  85  9:42  Shield Battery  
  85  9:43  Pylon  
  85  9:48  Probe x2  
  85  9:49  Colossus, Probe  
  94  9:54  Observer  
  94  9:58  Gateway  
  94  9:59  Protoss Ground Weapons Level 2 (Chrono Boost)  
  95  10:00  Assimilator, Probe x2  
  95  10:02  Gateway  
  95  10:03  Assimilator, Protoss Ground Armor Level 1 (Chrono Boost)  
  97  10:20  Probe (Chrono Boost)  
  100  10:21  Probe (Chrono Boost)  
  100  10:22  Probe (Chrono Boost)  
  100  10:32  Probe (Chrono Boost)  
  103  10:37  Probe x2 (Chrono Boost)  
  103  10:41  Colossus  
  109  10:44  Probe x2  
  109  10:49  Pylon  
  111  11:02  Pylon  
  111  11:05  Stalker x4, Pylon  
  111  11:06  Stalker  
  111  11:09  Pylon  
  121  11:25  Probe x2  
  123  12:12  Colossus x2  
  135  12:22  Stalker x3  
  139  12:23  Stalker  
  139  12:28  Probe (Chrono Boost)  
  146  12:30  Protoss Ground Weapons Level 3 (Chrono Boost)  
  146  12:33  Protoss Ground Armor Level 2 (Chrono Boost)  
  146  12:34  Blink (Chrono Boost), Probe x2 (Chrono Boost)  
  146  12:40  Templar Archives  
  138  13:08  Colossus x2  
  138  13:10  Stalker x3  
  138  13:11  Stalker x4  
  164  13:22  Nexus  
  164  13:27  Pylon  
  164  13:30  Pylon  
  164  13:40  Assimilator  
  164  13:41  Assimilator  
  164  13:50  Colossus  
  164  13:52  Stalker x3  
  164  13:53  Stalker  
  172  13:59  Pylon  
  172  14:01  Pylon  
  172  14:10  Pylon  
  172  14:12  Pylon x3  
  172  14:14  Pylon  
  172  14:34  Stalker  
  172  14:35  Stalker x6  
  172  14:36  High Templar x3  
  172  14:37  High Templar x3  
  198  14:43  Archon x2  
  198  14:44  Archon  
  198  14:52  Gateway  
  198  14:53  Gateway  
Show
View Real Time Build Order
Export as new Build Order

Kubaman Zerg 

Build Orders: Pool First, Zergling Baneling 

Get SALT Encoding   

  12  0:01  Drone  
  13  0:13  Overlord  
  13  0:17  Drone  
  14  0:32  Drone x2  
  16  0:36  Drone  
  17  0:48  Spawning Pool  
  16  0:53  Drone  
  17  1:13  Hatchery  
  17  1:16  Drone  
  17  1:21  Drone  
  18  1:29  Extractor  
  17  1:34  Queen  
  17  1:37  Zergling x2  
  17  1:39  Drone  
  21  1:55  Overlord  
  21  1:56  Zergling x2  
  22  2:14  Zergling x4  
  24  2:28  Queen  
  24  2:29  Zergling x4  
  28  2:39  Drone x2  
  30  2:47  Baneling Nest  
  30  2:48  Queen  
  31  3:00  Overlord  
  31  3:16  Queen  
  31  3:18  Drone  
  31  3:19  Drone x3  
  37  3:25  Metabolic Boost  
  37  3:42  Zergling x12  
  37  3:46  Overlord  
  43  4:02  Drone  
  44  4:03  Overlord  
  44  4:11  Spore Crawler  
  44  4:14  Spore Crawler, Drone x2  
  44  4:15  Drone x2  
  46  4:22  Zergling x6  
  49  4:27  Baneling  
  49  4:28  Baneling x3  
  50  4:31  Drone  
  50  4:44  Baneling x3  
  50  4:45  Baneling x3, Zergling x6  
  52  4:49  Extractor  
  52  4:50  Drone  
  53  5:07  Zergling x2  
  53  5:08  Zergling x10  
  50  5:21  Zergling x4  
  50  5:22  Zergling x8  
  49  5:35  Hatchery  
  49  5:41  Baneling x2  
  49  5:42  Baneling x6  
  46  5:47  Baneling  
  46  6:02  Zergling x8  
  46  6:03  Zergling x2  
  46  6:04  Overlord x2  
  46  6:16  Zergling x4  
  46  6:17  Zergling x6  
  46  6:27  Zergling x2  
  47  6:38  Zergling x2  
  47  6:39  Zergling x6  
  44  6:48  Zergling x2  
  44  6:51  Baneling  
  44  6:52  Baneling x7  
  44  6:53  Lair  
  45  6:58  Drone x2  
  45  7:00  Extractor  
  46  7:03  Extractor  
  45  7:12  Zergling x10  
  48  7:20  Zergling x2  
  49  7:23  Evolution Chamber  
  49  7:29  Zergling x6  
  51  7:40  Zergling x6  
  51  7:41  Zergling x2  
  51  7:43  Baneling x3  
  55  7:49  Queen  
  57  7:53  Drone  
  52  8:12  Zergling x10  
  45  8:13  Zergling x2  
  45  8:19  Centrifical Hooks  
  46  8:31  Baneling  
  46  8:32  Baneling x4  
  46  8:34  Zergling x4  
  46  8:37  Drone  
  49  8:47  Drone x3  
  52  8:58  Zerg Melee Weapons Level 1  
  52  9:01  Drone x2  
  52  9:02  Drone  
  55  9:06  Drone x2  
  57  9:12  Overlord  
  57  9:26  Hydralisk Den  
  57  9:28  Drone x6  
  62  9:41  Drone x5  
  62  9:42  Drone  
  69  9:52  Drone  
  69  9:53  Drone x3  
  72  10:11  Extractor  
  72  10:12  Drone x5  
  72  10:13  Overlord x2  
  76  10:24  Grooved Spines  
  76  10:35  Spire  
  75  10:38  Hydralisk x4  
  75  10:41  Drone  
  84  10:47  Drone x3  
  87  10:52  Zerg Ground Armor Level 1  
  87  10:56  Hydralisk x4  
  95  11:10  Hydralisk  
  97  11:19  Overlord x3  
  97  11:24  Extractor  
  96  11:25  Spore Crawler, Drone  
  96  11:26  Drone x2  
  96  11:27  Overlord x2  
  96  11:29  Pneumatized Carapace  
  98  11:35  Muscular Augments  
  98  11:39  Evolution Chamber  
  97  11:40  Hydralisk x5  
  97  11:47  Hydralisk x3  
  111  11:56  Infestation Pit  
  105  12:02  Hydralisk x2  
  105  12:03  Hydralisk x2  
  105  12:21  Corruptor x3  
  111  12:24  Hydralisk  
  109  12:46  Zerg Missile Weapons Level 1  
  109  12:47  Hatchery  
  83  13:13  Hydralisk x4  
  83  13:14  Hydralisk x6  
  103  13:47  Hydralisk x4  
  103  13:48  Hydralisk  
  113  13:53  Corruptor  
  115  14:00  Hatchery  
  114  14:04  Corruptor  
  114  14:05  Corruptor  
  118  14:21  Overlord x2  
  118  14:26  Mutalisk x2  
  122  14:34  Hydralisk  
  124  14:39  Corruptor  
  126  14:56  Corruptor x2  
Tags
 
Matchup
PvZ
Opening
Pool First
Replay Pack
Multi
Spawn Locations
Cross Positions
Add a new tag
Caveats
  • Supply blocks, unpowered buildings, or Contaminate may cause inaccurate times.
  • Supply counts are checked every 10 seconds.